AoeStats
← kkkg

Arena

505144399Analyzed
2v2 RM · 24d ago on Sep 8, 2026· 56m 2s· 4 players
Game mode
Random Map
Map size
Medium (4 player)
Population
200
Speed
Normal
Resources
Standard
Victory
Conquest
Starting age
Dark Age
Ending age
Imperial Age
RankedLock teamsTeams togetherTeam positionsShared explorationLock speedFull tech treeHidden civsTurbo modeCheats
Victory
Defeat
🇪🇨 Cumans · Ecuador
1083
+15
🇪🇨 Spanish · Ecuador
1071
+16
🇨🇳 Bulgarians · China
1082
-16
🇨🇳 Magyars · China
1059
-15
淡定种田
10:24 Feudal Age
12:30 Loom
15:22 Castle Age
14:14 Double-Bit Axe
14:57 Scale Barding Armor
17:46 Horse Collar
21:26 Husbandry
23:43 Bloodlines
23:32 Fletching
23:33 Treadmill Crane
24:53 Padded Archer Armor
24:44 Elite Skirmisher
29:24 Bodkin Arrow
34:51 Ballistics
39:34 Imperial Age
40:11 Town Watch
41:05 Heavy Plow
42:08 Chemistry
42:12 Murder Holes
44:33 Cavalier
45:39 Thumb Ring
48:35 Crop Rotation
49:42 Recurve Bow
50:16 Conscription
51:39 Bow Saw
53:05 Chain Barding Armor
55:03 Masonry
kkkg
11:30 Feudal Age
13:15 Double-Bit Axe
13:17 Horse Collar
15:52 Castle Age
17:53 Bow Saw
22:29 Heavy Plow
23:20 Wheelbarrow
25:39 Hand Cart
25:28 Gold Mining
25:29 Stone Mining
27:26 Gold Shaft Mining
27:27 Stone Shaft Mining
27:08 Loom
27:08 Town Watch
31:33 Imperial Age
29:26 Fletching
29:38 Padded Archer Armor
29:59 Town Patrol
30:08 Bodkin Arrow
31:29 Ballistics
31:20 Masonry
31:23 Thumb Ring
30:38 Elite Skirmisher
32:03 Scale Barding Armor
32:09 Forging
32:15 Leather Archer Armor
32:30 Murder Holes
33:09 Bracer
33:45 Iron Casting
33:30 Chain Barding Armor
33:44 Gambesons
34:49 Squires
34:36 Arson
36:27 Plate Barding Armor
36:53 Blast Furnace
35:55 Scale Mail Armor
39:41 Chain Mail Armor
41:46 Capped Ram
44:27 Conscription
44:12 Bagains
46:41 Elite Konnik
49:44 Plate Mail Armor
[ECU] Emperador Mabusito
9:50 Feudal Age
10:32 Double-Bit Axe
19:52 Castle Age
18:51 Horse Collar
20:13 Forging
21:00 Bow Saw
20:17 Pikeman
21:04 Heavy Plow
22:31 Gold Mining
23:03 Squires
24:35 Loom
28:05 Bloodlines
27:18 Capped Ram
28:14 Scale Mail Armor
28:49 Iron Casting
28:02 Arson
31:20 Wheelbarrow
31:49 Gold Shaft Mining
31:05 Stone Mining
31:55 Chain Mail Armor
31:45 Scale Barding Armor
34:45 Imperial Age
33:51 Hand Cart
33:06 Light Cavalry
34:47 Chain Barding Armor
35:28 Halberdier
35:45 Siege Ram
36:57 Plate Mail Armor
37:28 Blast Furnace
37:04 Plate Barding Armor
36:32 Fletching
37:43 Two-Man Saw
37:07 Ballistics
38:24 Crop Rotation
37:41 Town Watch
39:01 Chemistry
38:19 Steppe Husbandry
38:20 Hussar
39:21 Elite Kipchak
40:22 Conscription
42:44 Bodkin Arrow
42:49 Padded Archer Armor
43:03 Masonry
43:42 Cuman Mercenaries
44:56 Thumb Ring
45:18 Parthian Tactics
44:14 Heavy Cavalry Archer
45:23 Town Patrol
46:15 Leather Archer Armor
45:58 Murder Holes
52:04 Cavalier
52:06 Elite Steppe Lancer
53:18 Ring Archer Armor
52:12 Elite Skirmisher
53:54 Paladin
El_Warnersito
11:48 Feudal Age
13:05 Wheelbarrow
12:17 Double-Bit Axe
13:11 Horse Collar
13:23 Gold Mining
13:30 Loom
16:35 Castle Age
18:17 Padded Archer Armor
19:22 Bow Saw
20:29 Heavy Plow
22:10 Leather Archer Armor
23:18 Town Watch
27:58 Hand Cart
33:40 Imperial Age
34:12 Fletching
35:14 Conscription
36:28 Ring Archer Armor
36:24 Masonry
37:15 Chemistry
39:47 Capped Ram
40:00 Elite Conquistador
40:36 Bodkin Arrow
45:39 Supremacy
45:55 Hoardings
45:54 Architecture
47:06 Scale Barding Armor
47:12 Forging
47:26 Ballistics
47:18 Fortified Wall
48:12 Chain Barding Armor
49:08 Bracer
49:35 Bloodlines
49:25 Husbandry
48:46 Light Cavalry
52:20 Plate Barding Armor
53:18 Iron Casting
53:09 Hussar
54:19 Town Patrol
55:51 Blast Furnace
56:33 Scale Mail Armor
Connection lost

Rejoining the realm…

Still unreachable

The connection could not be restored.

Session expired

The server has moved on; the page needs a fresh start.